 Dungeon Crawl Stone Soup version 0.16-a0-3770-gc215ce9 (webtiles) character file.

176 TIT the Shooter (level 5, -1/29 HPs)
             Began as a Tengu Arcane Marksman on Jan 24, 2015.
             Was an Initiate of Qazlal.
             Slain by an orc
             ... wielding a +0 trident
              (4 damage)
             ... on level 3 of the Dungeon.
             The game lasted 00:15:51 (2939 turns).

TIT the Shooter (Tengu Arcane Marksman)             Turns: 2939, Time: 00:15:51

Health: -1/29      AC:  2    Str: 11    XL:     5   Next: 56%
Magic:  9/9        EV: 12    Int: 14    God:    Qazlal [......]
Gold:   195        SH:  0    Dex: 14    Spells: 1 memorised, 5 levels left

rFire  . . .     SeeInvis +     r - -2 long sword (curse)
rCold  . . .     Clarity  .     a - +0 robe
rNeg   . . .     SustAb   .     (no shield)
rPois  .         Gourm    .     (helmet restricted)
rElec  .         Spirit   .     (no cloak)
rCorr  .         Warding  .     (no gloves)
rMut   .         Stasis   .     (boots unavailable)
MR     .....                    (no amulet)
Stlth  +.........               (no ring)
                                g - ring of see invisible

@: very slightly contaminated, hasted, very quick, not resistant to hostile
enchantments, very unstealthy
A: able to fly, beak, talons 3
a: Fly, Renounce Religion


You were on level 3 of the Dungeon.
You worshipped Qazlal.
Qazlal was noncommittal.
You were very hungry.

You visited 1 branch of the dungeon, and saw 3 of its levels.

You collected 195 gold pieces.

Inventory:

Hand weapons
 b - a +1 shortbow
 e - a +0 flail
 j - a +0 dagger
 n - a +0 mace
 q - a +0 whip
 r - a cursed -2 long sword (weapon)
 t - a cursed -2 dagger
 u - a +0 trident
Missiles
 c - 14 arrows
Armour
 a - a +0 robe (worn)
 l - a +0 leather armour
Jewellery
 g - a ring of see invisible (left hand)
Scrolls
 i - 2 scrolls of teleportation
Potions
 m - a potion of berserk rage {unknown}
 p - a potion of heal wounds {unknown}
Books
 d - a book of Debilitation

   Spells                             Type                      Level
   a - Corona                         Hexes                        1
   b - Slow                           Hexes                        2
   c - Inner Flame                    Hexes/Fire                   3
   d - Enslavement                    Hexes                        4
   e - Cause Fear                     Hexes                        4
   f - Leda's Liquefaction            Hexes/Earth                  4
Comestibles
 f - 4 bread rations
 h - 3 chunks of flesh
 s - 4 fruits


   Skills:
 - Level 1.0 Fighting
 + Level 6.1 Bows
 - Level 2.1 Dodging
 - Level 1.0 Spellcasting
 - Level 2.1 Hexes


You had 5 spell levels left.
You knew the following spells:

 Your Spells              Type           Power        Failure   Level  Hunger
a - Corona                Hex            #......      14%         1    ##.....


Dungeon Overview and Level Annotations

Branches:
Dungeon (3/15)

Altars:
Qazlal
Sif Muna


Innate Abilities, Weirdness & Mutations

You can fly.
You have a beak for a mouth.
You have claws for feet.


Message History

You hit the orc priest but do no damage.
The orc priest barely misses you.
You hit the orc priest.
The orc priest is lightly wounded.
The orc priest invokes the aid of Beogh against you.
Pain shoots through your body!
You barely miss the orc priest. Your kick misses the orc priest.
The orc priest is lightly wounded.
The orc barely misses you. The orc priest misses you.
An orc comes into view. It is wielding a flail.
You closely miss the orc priest.
The orc priest is lightly wounded.
The orc shouts!
The orc hits you from afar with a trident!
* * * LOW HITPOINT WARNING * * *
The orc priest barely misses you.
You closely miss the orc priest. Your peck misses the orc priest.
The orc priest closely misses you.
The orc hits you from afar with a trident.
You die...

#.# ### ...... ...
###.#o. #.# #.....#
##o# ......### .o#
........ #o#
......###
#@##############
#.......#
#........รท.....#
###.....###
#.############.##
..........# #.#
#...## ........#.#
##.## #....#
..........#####...##
#....#
.###...............#
####.#
(##.###............#
#.# ....#
#...####.#.#.# #.#


You could see an orc priest and 2 orcs.

Vanquished Creatures
  Jessica (D:2)
  3 gnolls (D:3)
  7 adders
  A worm (D:3)
  2 giant geckos
  2 orcs (D:3)
  3 ball pythons
  3 giant cockroaches
  4 hobgoblins
  4 jackals
  7 kobolds
  2 quokkas
  5 bats
  4 giant newts
  5 goblins
  7 rats
60 creatures vanquished.

Vanquished Creatures (others)
  A fungus (D:3)
1 creature vanquished.

Grand Total: 61 creatures vanquished

Notes
Turn   | Place    | Note
--------------------------------------------------------------
     0 | D:1      | TIT, the Tengu Arcane Marksman, began the quest for the Orb.
     0 | D:1      | Reached XP level 1. HP: 12/12 MP: 2/2
   309 | D:1      | Reached skill level 3 in Bows
   309 | D:1      | Reached XP level 2. HP: 16/16 MP: 2/4
  1258 | D:2      | Reached XP level 3. HP: 20/20 MP: 2/5
  1375 | D:2      | Reached skill level 4 in Bows
  1484 | D:2      | Found a stormy altar of Qazlal.
  1628 | D:2      | Reached XP level 4. HP: 13/25 MP: 0/6
  2015 | D:2      | Noticed Jessica
  2019 | D:2      | Killed Jessica
  2019 | D:2      | Reached skill level 5 in Bows
  2057 | D:2      | Found a deep blue altar of Sif Muna.
  2191 | D:3      | Noticed a hippogriff
  2263 | D:3      | Reached XP level 5. HP: 19/29 MP: 9/9
  2306 | D:2      | Became a worshipper of Qazlal Stormbringer
  2543 | D:3      | Reached skill level 6 in Bows
  2939 | D:3      | Slain by an orc

Action                   |  1- 3 |  4- 6 || total
-------------------------+-------+-------++-------
Melee: Unarmed           |    34 |       ||    34
       Long sword        |       |    45 ||    45
 Fire: Shortbow          |    75 |    15 ||    90
 Cast: Corona            |    35 |     8 ||    43
 Abil: Fly               |       |     1 ||     1
  Use: Scroll            |     6 |     4 ||    10
       Potion            |     1 |     5 ||     6
 Stab: Sleeping          |       |     1 ||     1
  Eat: Chunk             |     4 |     3 ||     7
